 Dungeon Crawl Stone Soup version 0.29-a0-362-g5854e031c7 (webtiles) character file.

Game seed: 2555065510956915416

4057 ryw the Basher (level 10, 0/66 HPs)
             Began as a Demonspawn Monk on Apr 29, 2022.
             Was a Priest of Hepliaklqana.
             Succumbed to a redback's poison
             ... on level 8 of the Dungeon.
             The game lasted 00:20:19 (9880 turns).

ryw the Basher (Demonspawn Monk)                    Turns: 9880, Time: 00:20:20

Health: 0/66       AC:  7    Str: 13    XL:     10   Next: 4%
Magic:  10/20      EV: 15    Int: 18    God:    Hepliaklqana [***...]
Gold:   557        SH:  0    Dex: 22    Spells: 10/22 levels left

rFire   + + .      SeeInvis .   M - +10 scimitar of Etalaa {freeze, rCorr Int+2}
rCold   . . .      Faith    .   (no shield)
rNeg    + + .      Spirit   +   v - +0 robe of Fuobb {rF+ rN++ Str+2}
rPois   .          Reflect  .   (no helmet)
rElec   .          Harm     +   J - +0 cloak
rCorr   +          Rampage  .   d - +1 pair of gloves
Will    .....                   p - +1 pair of boots of Lust {Harm}
Stlth   ++++......              n - amulet "Jiceg" {Spirit Dex+2}
HPRegen 0.21/turn               q - ring of wizardry
MPRegen 0.17/turn               k - ring of protection from fire

@: lethally poisoned (0 -> -94), studying Long Blades
A: reduced essence, thin skeletal structure 2, foul stench 1, weakness stinger 2
a: Renounce Religion, Recall Ancestor, Ancestor Identity, Transference


You were on level 8 of the Dungeon.
You worshipped Hepliaklqana.
Hepliaklqana was most pleased with you.
You visited 2 branches of the dungeon, and saw 9 of its levels.

You collected 557 gold pieces.

Inventory:

Hand Weapons
 s - a +5 flail
 z - a +1 dire flail of protection
 K - a +4 long sword of freezing
 M - the +10 scimitar of Etalaa (weapon) {freeze, rCorr Int+2}
   (You found it on level 8 of the Dungeon)

   It freezes those it strikes, dealing additional cold damage.
   It can also slow down cold-blooded creatures.
   Int:       It affects your intelligence (+2).
   rCorr:     It protects you from acid and corrosion.
Missiles
 r - 14 poisoned darts
 A - 9 atropa-tipped darts
 C - 10 curare-tipped darts (quivered)
Armour
 d - a +1 pair of gloves (worn)
 j - a +0 robe of resistance
 p - the +1 pair of boots of Lust (worn) {Harm}
   (You found it on level 3 of the Dungeon)

   Harm:      It increases damage dealt and taken.
 v - the +0 robe of Fuobb (worn) {rF+ rN++ Str+2}
   (You found it on level 3 of the Dungeon)

   Str:       It affects your strength (+2).
   rF:        It protects you from fire.
   rN:        It greatly protects you from negative energy.
 J - a +0 cloak (worn)
Magical Staves
 I - a staff of conjuration
Jewellery
 k - a ring of protection from fire (right hand)
 m - a ring of protection from fire
 n - the amulet "Jiceg" (around neck) {Spirit Dex+2}
   (You found it on level 2 of the Dungeon)

   [amulet of guardian spirit]

   It causes incoming damage to be divided between your reserves of health and
   magic.
   Dex:       It affects your dexterity (+2).
 q - a ring of wizardry (left hand)
 x - a ring of see invisible
Wands
 i - a wand of polymorph (11)
 t - a wand of paralysis (2)
 u - a wand of charming (5)
 y - a wand of flame (13)
 B - a wand of mindburst (17)
 L - a wand of iceblast (11)
 N - a wand of acid (8)
Scrolls
 h - a scroll of amnesia
 l - a scroll of fog
 D - 9 scrolls of teleportation
 E - a scroll of fear
 G - 3 scrolls of identify
Potions
 a - 2 potions of haste
 b - 2 potions of ambrosia
 c - a potion of berserk rage {unknown}
 e - 5 potions of attraction
 f - a potion of mutation {unknown}
 g - 4 potions of curing
 o - 3 potions of heal wounds {unknown}
 w - 2 potions of lignification {unknown}
 F - 2 potions of magic {unknown}
 H - a potion of degeneration {unknown}


   Skills:
 + Level 5.4 Fighting
 * Level 1.6 Long Blades
 - Level 8.3 Maces & Flails
 + Level 4.4 Dodging
 + Level 1.8 Stealth
 - Level 2.6 Unarmed Combat
 + Level 6.9 Spellcasting
 - Level 3.0 Conjurations
 + Level 4.0 Summonings


You had 10 spell levels left.
You knew the following spells:

 Your Spells              Type           Power      Damage    Failure   Level
a - Summon Small Mammal   Summ           80%        N/A       1%          1
b - Call Canine Familiar  Summ           20%        N/A       2%          3
c - Summon Guardian Gole  Hex/Summ       13%        N/A       6%          3
d - Call Imp              Summ           20%        N/A       1%          2
e - Mephitic Cloud        Conj/Pois/Air  9%         N/A       9%          3

Your spell library contained the following spells:

 Spells                   Type           Power      Damage    Failure   Level
 Magic Dart               Conj           68%        1d6       1%          1
 Sublimation of Blood     Necr           6%         N/A       7%          2
 Ozocubu's Armour         Ice            6%         N/A       13%         3
 Petrify                  Tmut/Erth      6%         N/A       38%         4
 Irradiate                Conj/Tmut      5%         3d15      52%         5
 Ozocubu's Refrigeration  Ice            3%         4d5       100%        7


Dungeon Overview and Level Annotations

Branches:
Dungeon (8/15)             Temple (1/1) D:5
   Lair: D:8-11

Altars:
Ashenzari
Cheibriados
Dithmenos
Elyvilon
Fedhas
Gozag
Hepliaklqana
Makhleb
Nemelex Xobeh
Okawaru
Qazlal
Sif Muna
Trog
Uskayaw
Wu Jian
Xom
Yredelemnul
Zin
The Shining One

Annotations:
D:8 1 runed translucent door


Innate Abilities, Weirdness & Mutations

Your life essence is reduced to manifest your ancestor. (-10% HP)
You have a moderately thin skeletal structure. (Dex +4, Stealth++)
You may rarely emit foul miasma when damaged in melee.
You have a tail ending in a sharp stinger.


Message History

The plant is severely damaged.
A nearby plant withers and dies.
Found a glimmering hat.
You hit the plant.
The plant begins to die.
You freeze the plant.
The plant is lightly damaged.
You hit the plant. You freeze the plant.
The plant is lightly damaged.
You slice the plant!! You freeze the plant. You tail-slap the plant.
The plant is moderately damaged.
You slash the plant! You freeze the plant. You tail-slap the plant.
The plant is heavily damaged.
A nearby plant withers and dies.
You open the door.
There is an open translucent door here.
Demetirus casts a spell at the redback.
The puff of frost hits the redback!
You see here 3 poisoned darts.
A jumping spider comes into view.
Found a runed translucent gate.
The redback misses you.
You hit the redback. You freeze the redback. You tail-slap the redback.
The redback is heavily wounded.
The jumping spider hisses angrily.
The redback barely misses you. The redback bites you.
You are poisoned.
The redback poisons you!
You emit a cloud of foul miasma!
The jumping spider pounces on you!
You are caught in a web!
The jumping spider barely misses you.
The web tears apart.
You feel extremely sick.
The redback is engulfed in dark miasma.
The redback is poisoned.
The redback bites you!
You are more poisoned.
The redback poisons you!
The jumping spider pounces on you but does no damage.
The jumping spider closely misses you.
You swap places.
The redback attacks as you move away! The redback barely misses you.
The jumping spider attacks as you move away!
The jumping spider pounces on you. The jumping spider bites you.
You die...

#.....# #.....# #.....# #..)..#
## #.....# ## .# #.....# ##.## .#
####.#####.#.# .# #....8#.#.## .#
##..#.'@#s.# .# #..#8##Rs†# .#
##.######.[...+ .# #.# .#.## .#
#.# # .# #.# .# #####.# .#
#...#.#
########...#.####################


You could see the friendly Demetirus the battlemage and a redback (poisoned,
ally target).

Vanquished Creatures
  Grinder (D:5)
  A wyvern (D:8)
  Duvessa (D:5)
  Edmund (D:4)
  A sky beast (D:8)
  A black bear (D:7)
  3 ogres
  2 centaurs
  3 phantoms
  2 bullfrogs
  4 scorpions
  3 wights (D:7)
  Dowan (D:5)
  4 hounds
  A gnoll shaman (D:8)
  2 orc priests
  3 iguanas
  An orc wizard (D:6)
  3 gnolls
  An adder (D:4)
  A shadow imp (D:6)
  2 white imps
  An ufetubus (D:5)
  A worm (D:3)
  7 orcs
  6 endoplasms
  7 giant cockroaches
  6 goblins
  9 hobgoblins
  3 jackals
  3 quokkas
  7 ball pythons
  6 bats
  2 frilled lizards (D:1)
  6 kobolds
  6 rats
112 creatures vanquished.

Vanquished Creatures (collateral kills)
  Prince Ribbit (D:6)
  A water moccasin (D:8)
  An ice beast (D:7)
  2 sky beasts (D:8)
  An ogre (D:7)
  A black bear (D:6)
  A centaur (D:6)
  A phantom (D:6)
  A kobold brigand (D:7)
  A bullfrog (D:8)
  A gnoll sergeant (D:7)
  A scorpion (D:5)
  5 wights (D:7)
  2 jellies
  2 orc priests
  2 orc wizards
  6 gnolls
  An ufetubus (D:6)
  2 orcs
  2 kobolds (D:7)
35 creatures vanquished.

Vanquished Creatures (others)
  3 battlemagi
  2 plants (D:8)
5 creatures vanquished.

Grand Total: 152 creatures vanquished

Notes
Turn   | Place    | Note
-------+----------+-------------------------------------------
     0 | D:1      | ryw the Demonspawn Monk began the quest for the Orb.
     0 | D:1      | Reached XP level 1. HP: 18/18 MP: 1/1
   417 | D:1      | Gained mutation: You have a small tail. [demonic ancestry]
   417 | D:1      | Reached XP level 2. HP: 24/24 MP: 2/2
   794 | D:1      | Learned a level 1 spell: Summon Small Mammal
  1298 | D:2      | Gained mutation: You may rarely emit foul miasma when
                  | damaged in melee. [demonic ancestry]
  1298 | D:2      | Reached XP level 3. HP: 29/30 MP: 3/3
  1814 | D:2      | Reached skill level 1 in Spellcasting
  1814 | D:2      | Reached skill level 1 in Summonings
  1814 | D:2      | Reached XP level 4. HP: 29/37 MP: 3/5
  1905 | D:2      | Identified the amulet "Jiceg" {Spirit Dex+2}
  2416 | D:3      | Found a faded altar of an unknown god.
  2575 | D:3      | Identified the +1 pair of boots of Lust {Harm}
  3073 | D:3      | Identified the +0 robe of Fuobb {rF+ rN++ Str+2}
  3253 | D:3      | Learned a level 3 spell: Call Canine Familiar
  3346 | D:4      | Reached skill level 1 in Maces & Flails
  3423 | D:4      | Noticed a scorpion
  3436 | D:4      | Killed a scorpion
  3437 | D:4      | Reached skill level 2 in Maces & Flails
  3437 | D:4      | Gained mutation: You have a tail ending in a sharp stinger.
                  | [demonic ancestry]
  3437 | D:4      | Reached XP level 5. HP: 33/42 MP: 4/8
  3860 | D:4      | Noticed an ogre
  3864 | D:4      | Noticed Edmund
  3873 | D:4      | Killed an ogre
  3874 | D:4      | Reached skill level 3 in Maces & Flails
  3874 | D:4      | Reached XP level 6. HP: 20/48 MP: 4/9
  3885 | D:4      | Killed Edmund
  4321 | D:4      | Reached skill level 4 in Maces & Flails
  4483 | D:4      | Reached XP level 7. HP: 54/54 MP: 10/12
  4540 | D:4      | Learned a level 3 spell: Summon Guardian Golem
  4541 | D:5      | Entered Level 5 of the Dungeon
  4563 | D:5      | Reached skill level 5 in Maces & Flails
  4650 | D:5      | Noticed Grinder
  4655 | D:5      | Paralysed by Grinder for 5 turns
  4674 | D:5      | Killed Grinder
  4910 | D:5      | Reached skill level 6 in Maces & Flails
  4910 | D:5      | Reached XP level 8. HP: 60/60 MP: 14/14
  4919 | D:5      | Noticed Duvessa
  4921 | D:5      | Noticed Dowan
  4924 | D:5      | Killed Duvessa
  4943 | D:5      | Killed Dowan
  5170 | D:5      | Found a staircase to the Ecumenical Temple.
  5377 | D:5      | Reached skill level 5 in Spellcasting
  5731 | Temple   | Entered the Ecumenical Temple
  5750 | Temple   | Became a worshipper of Hepliaklqana the Forgotten
  5750 | Temple   | Reached * piety under Hepliaklqana
  5750 | Temple   | Reached ** piety under Hepliaklqana
  5751 | Temple   | Remembered your ancestor Demetirus as a battlemage
  5781 | D:6      | Reached skill level 7 in Maces & Flails
  5887 | D:6      | Noticed Prince Ribbit
  6483 | D:6      | Killed Prince Ribbit
  6487 | D:6      | Reached skill level 8 in Maces & Flails
  6636 | D:6      | Found a shadowy altar of Dithmenos.
  6847 | D:6      | Gained mutation: You have a somewhat thin skeletal
                  | structure. (Dex +2, Stealth+) [demonic ancestry]
  6847 | D:6      | Reached XP level 9. HP: 58/58 MP: 17/17
  7043 | D:6      | Found a burning altar of Makhleb.
  7043 | D:6      | Noticed a balrug
  7046 | D:6      | Noticed a hellwing
  7046 | D:6      | Noticed an orange demon
  7304 | D:6      | Found a shimmering blue altar of Sif Muna.
  7317 | D:6      | Found a stormy altar of Qazlal.
  7320 | D:6      | Found a hide-covered altar of Uskayaw.
  7401 | D:7      | Learned a level 2 spell: Call Imp
  7525 | D:7      | Found a blossoming altar of Fedhas.
  7590 | D:7      | Reached skill level 1 in Conjurations
  8183 | D:7      | Learned a level 3 spell: Mephitic Cloud
  8200 | D:7      | Reached *** piety under Hepliaklqana
  8902 | D:8      | Reached skill level 5 in Fighting
  9121 | D:8      | Found a runed translucent door.
  9297 | D:8      | Identified the +10 scimitar of Etalaa {freeze, rCorr Int+2}
  9472 | D:8      | Reached skill level 1 in Long Blades
  9472 | D:8      | Gained mutation: You have a moderately thin skeletal
                  | structure. (Dex +4, Stealth++) [demonic ancestry]
  9472 | D:8      | Reached XP level 10. HP: 62/66 MP: 16/20
  9877 | D:8      | Found a runed translucent gate.
  9880 | D:8      | Succumbed to a redback's poison

Illustrated notes

Levels and vault maps discovered:
D:1:      lemuel_arrival_muddy, layout_loops_corners
D:2:      minmay_skewed_foursquare, layout_basic
D:3:      layout_loops_ring, zin_statuary, hellmonk_ecumenical_altar_crossroads,
          minmay_pentangle
D:4:      layout_cave_pods, uniq_edmund
D:5:      layout_cave_pods, minmay_temple_entry_mini_moons, serial_column_ruins,
          column_ruins_circle_small, column_ruins_corridor_water,
          column_ruins_open_tiny, column_ruins_grid_3, column_ruins_open_large,
          column_ruins_open_medium, uniq_duvessa, uniq_grinder
D:6:      layout_loops_ring, grunt_dithmenos_shadows, makhleb_altar_promises_db,
          minmay_overflow_temple_star_quad, minmay_manual_mares,
          uniq_prince_ribbit1
D:7:      cheibrodos_quashed, layout_cave_pods, mainiacjoe_overflow_paths
D:8:      gammafunk_indiana_jones, layout_basic
Temple:   eino_temple_lava

Skill      XL: |  1  2  3  4  5  6  7  8  9 |
---------------+----------------------------+-----
Fighting       | 4 5 |  5.4
Dodging        | 3 4 |  4.4
Spellcasting   | 1 2 3 4 5 6 |  6.9
Summonings     | 1 4 |  4.0
Maces & Flails | 2 3 4 6 8 |  8.3
Conjurations   | 3 |  3.0
Long Blades    | 1 |  1.6
Stealth        | |  1.8
Unarmed Combat | |  2.6

Action                   |  1- 3 |  4- 6 |  7- 9 | 10-12 || total
-------------------------+-------+-------+-------+-------++-------
Melee: Unarmed           |   115 |    39 |       |       ||   154
       Tailslap          |    14 |    12 |    23 |     5 ||    54
       Punch             |     3 |     1 |     2 |       ||     6
       Morningstar       |       |    66 |   123 |       ||   189
       Flail             |       |       |    23 |       ||    23
       Scimitar          |       |       |     4 |    12 ||    16
Throw: Dart              |       |     8 |    18 |       ||    26
 Cast: Summon Small Mamm |       |       |    13 |       ||    13
       Call Canine Famil |       |       |    13 |       ||    13
       Mephitic Cloud    |       |       |     1 |       ||     1
Invok: Ancestor Life: Ba |       |       |     1 |       ||     1
  Use: Scroll            |     2 |     9 |     5 |       ||    16
       Potion            |       |       |     1 |       ||     1
 Stab: Sleeping          |     8 |     1 |     2 |       ||    11
       Distracted        |       |       |     1 |       ||     1
Armor: Robe              |    30 |    38 |    52 |     2 ||   122
Dodge: Dodged            |    71 |    87 |   144 |     9 ||   311

Table legend: (Time is in decaauts)
 A = Elapsed time spent in this place.
 B = Non-inter-level travel time spent in this place.
 C = Inter-level travel time spent in this place.
 D = Time resting spent in this place.
 E = Time spent auto-exploring this place.
 F = Levels seen in this place.
 G = Mean time per level.
                   A        B        C        D        E       F      G
               +--------+--------+--------+--------+--------+-----+--------+
         Total |   9929 |   9571 |    358 |   1228 |   6802 |   9 | 1103.2 |
       Dungeon |   9901 |   9549 |    352 |   1228 |   6802 |   8 | 1237.6 |
        Temple |     27 |     21 |      6 |      0 |      0 |   1 |   27.0 |
               +--------+--------+--------+--------+--------+-----+--------+

Top non-repeatable levels by time:
     D:6: 1744 daAuts
     D:5: 1372 daAuts
     D:4: 1277 daAuts
     D:1: 1249 daAuts
     D:7: 1196 daAuts
     D:2: 1110 daAuts
     D:8: 1023 daAuts
     D:3: 926 daAuts
  Temple: 27 daAuts
